 Dungeon Crawl Stone Soup version 0.14-a0-2474-g7d54a28 (webtiles) character file.

154 MrRokkomies the Charmwright (level 3, 0/30 HPs)
             Began as a Djinni Skald on Feb 8, 2014.
             Killed from afar by an orc wizard (5 damage)
             ... with a magic dart
             ... on Level 3 of the Dungeon.
             The game lasted 00:04:56 (1794 turns).

MrRokkomies the Charmwright (Djinni Skald)          Turns: 1794, Time: 00:04:56

HP   0/30        AC  4     Str 12      XL: 3   Next: 96%
MP   0/0         EV 10     Int 13      God:
Gold 88          SH  0     Dex 12      Spells:  3 memorised,  1 level left

rFire  + + +     SeeInvis .     a - +0 falchion
rCold  x . .     Clarity  .     b - +0 leather armour
rNeg   + + +     Conserve .     (no shield)
rPois  .         rCorr    .     (no helmet)
rElec  .         rRot     .     (no cloak)
SustAb . .       Spirit   .     i - +0 pair of gloves
rMut   .         Warding  .     (boots unavailable)
Saprov . . .     Stasis   .     (no amulet)
MR     .....                    (no ring)
                                (no ring)

@: flying, not resistant to hostile enchantments, unstealthy
A: fire immunity, cold vulnerability, life protection 3
a: Stop Singing


You were on level 3 of the Dungeon.
You were not hungry.

You visited 1 branch of the dungeon, and saw 3 of its levels.

You collected 88 gold pieces.

Inventory:

Hand weapons
 a - a +0,+0 falchion (weapon)
 o - a +0,+0 sling
Missiles
 e - 15 sling bullets
 g - 10 exploding darts (quivered)
 j - 13 poisoned needles
Armour
 b - a +0 leather armour (worn)
 i - a +0 pair of gloves (worn)
Scrolls
 d - 4 scrolls of identify
 k - a scroll of enchant armour
Jewellery
 n - an uncursed ring of ice {unknown}
Potions
 f - a potion of might
 h - a potion of heal wounds
 l - 2 potions of curing
 m - a potion of paralysis {unknown}
 p - a potion of restore abilities {unknown}
Books
 c - a book of Battle

   Spells                             Type                      Level
   *Infusion                          Charms                       1
   *Shroud of Golubria                Charms/Translocation         2
   *Song of Slaying                   Charms                       2
   Spectral Weapon                    Hexes/Charms                 3
   Regeneration                       Charms/Necromancy            3


   Skills:
 - Level 1.7 Fighting
 * Level 3.6 Long Blades
 - Level 1.1 Armour
 - Level 0.8 Dodging
 - Level 2.4 Spellcasting
 + Level 3.7 Charms


You had one spell level left.
You knew the following spells:

 Your Spells              Type           Power        Failure   Level  Hunger
a - Infusion              Chrm           ##....       8%          1    #......
b - Shroud of Golubria    Chrm/Tloc      #.........   21%         2    ###....
c - Song of Slaying       Chrm           ##......     10%         2    ###....


Dungeon Overview and Level Annotations

Branches:
Dungeon (3/16)

Altars:


Innate Abilities, Weirdness & Mutations

You are immune to all types of fire, even holy and hellish.
You are vulnerable to cold.
You need no food.
You have no legs.
You are immune to negative energy.


Message History

You hit the quokka.
The quokka is severely wounded.
The orc wizard becomes somewhat translucent.
The orc closely misses you.
The orc wizard hits you with an orcish dagger!
The quokka bites you but does no damage.
You closely miss the quokka.
The quokka is severely wounded.
The hobgoblin hits you with a club. The orc wizard closely misses you.
The orc completely misses you. The quokka bites you.
You closely miss the quokka.
The quokka is severely wounded.
The orc wizard hits you but does no damage.
The hobgoblin hits you with a club.
* * * LOW HITPOINT WARNING * * *
The orc hits you.
* * * LOW HITPOINT WARNING * * *
The orc wizard points at you and mumbles some strange words.
The magic dart hits you!
You die...

. #... #..# #..# #..# .
#.. #..# ... ..# #...#
#..#####.... ....#
#...# #..gorr......
....# #...#
#...@oo...... ....#
#...# #..#####.....
....# #...# #..# .
....# #...# #..# ....#
#...# #..#####..
....###...###..........
.....<............>...
......................
......................


You could see an orc wizard, 2 orcs, a quokka, a hobgoblin and a rat.

Vanquished Creatures
  2 adders (D:2)
  A worm (D:2)
  A grey rat (D:2)
  2 oozes (D:3)
  7 goblins
  4 hobgoblins
  A jackal (D:2)
  4 kobolds
  3 bats (D:1)
  3 giant cockroaches
  3 giant newts (D:1)
  7 rats
38 creatures vanquished.

Vanquished Creatures (others)
  A jackal (D:2)
1 creature vanquished.

Grand Total: 39 creatures vanquished

Notes
Turn   | Place    | Note
--------------------------------------------------------------
     0 | D:1      | MrRokkomies, the Djinni Skald, began the quest for the Orb.
     0 | D:1      | Reached XP level 1. HP: 17/17 MP: 0/0
   223 | D:1      | Reached XP level 2. EP: 21/24
   236 | D:1      | Learned a level 2 spell: Shroud of Golubria
   239 | D:1      | Learned a level 2 spell: Song of Slaying
  1099 | D:2      | Reached XP level 3. EP: 23/30
  1794 | D:3      | Killed from afar by an orc wizard

Action                   || total
-------------------------++-------
Melee: Falchion          ||   171
 Cast: Shroud of Golubri ||     1
       Song of Slaying   ||     1
  Use: Scroll            ||     4
       Potion            ||     1
 Stab: Sleeping          ||     1
